[Event "Titled Tuesday Blitz January 11 2022"]
[White "Erdogdu, Mert"]
[Black "Guseinov, Gadir"]
[WhiteFideId "6301495"]
[BlackFideId "13401378"]
[WhiteElo "2485"]
[BlackElo "2581"]
[Result "0-1"]
[Round "03"]
[TimeControl "180+1"]
[Date "2022.01.11"]
[WhiteClock "0:00:12"]
[BlackClock "0:00:14"]

1. e4 c5 2. Nf3 g6 3. d4 cxd4 4. Qxd4 Nf6 5. Nc3 Nc6 6. Qa4 d6 7. e5 dxe5 8. Nxe5 Bd7 9. Nxd7 Qxd7 10. Be2 Bg7 11. Be3 O-O 12. Rd1 Qf5 13. O-O a6 14. g4 Qc8 15. g5 Nd7 16. Qh4 b5 17. Bg4 e6 18. Ne4 Nce5 19. Be2 Qxc2 20. Rd2 Qc4 21. Bxc4 Nf3+ 22. Kh1 Nxh4 23. Bxe6 Ne5 24. Bd5 Rad8 25. Nf6+ Kh8 26. Rfd1 h5 27. h3 Rc8 28. b3 b4 29. Bb7 Rc3 30. Rd8 Nf5 31. Bf4 Nc6 32. Rxf8+ Bxf8 33. Bxa6 Rxh3+ 34. Kg2 Rc3 35. Bc4 Kg7 36. Rd7 Be7 37. Rc7 Ncd4 38. Be5 Nh4+ 39. Kh2 Ndf3+ 40. Kg3 Nxe5+ 41. Kxh4 Bxf6 42. gxf6+ Kxf6 43. f4 Nxc4 44. Rxc4 Rxc4 45. bxc4 Ke6 46. Kg5 Kd6 47. f5 gxf5 48. Kxf5 Kc5 49. Kg5 Kxc4 50. Kxh5 Kc3 51. Kg5 0-1


[Site "https://www.chess.com"]

[Event "Titled Tuesday Blitz January 11 2022"]
[White "Erigaisi Arjun"]
[Black "Mokshanov, Alexey"]
[WhiteFideId "35009192"]
[BlackFideId "24121657"]
[WhiteElo "2745"]
[BlackElo "2141"]
[Result "1-0"]
[Round "03"]
[TimeControl "180+1"]
[Date "2022.01.11"]
[WhiteClock "0:01:53"]
[BlackClock "0:01:09"]

1. g3 d5 2. Nf3 Nf6 3. Bg2 e6 4. O-O Be7 5. d3 O-O 6. Nbd2 c5 7. e4 Nc6 8. Re1 b5 9. e5 Nd7 10. Nf1 Qc7 11. Bf4 a5 12. h4 h6 13. Ne3 Bb7 14. Qd2 Rfc8 15. Ng4 Bf8 16. Bxh6 gxh6 17. Nxh6+ Bxh6 18. Qxh6 Ncxe5 19. Qg5+ Ng6 20. h5 Nf8 21. hxg6 fxg6 22. Ne5 Qd8 23. Qf4 Qe7 24. Ng4 Nd7 25. Qh6 Qf7 26. Ne5 Nxe5 27. Rxe5 Qg7 28. Qxg7+ Kxg7 29. Rxe6 Kf7 30. Rb6 1-0


[Site "https://www.chess.com"]

[Event "Titled Tuesday Blitz January 11 2022"]
[White "Fridman, Daniel"]
[Black "Maghsoodloo, Parham"]
[WhiteFideId "11600454"]
[BlackFideId "12539929"]
[WhiteElo "2514"]
[BlackElo "2630"]
[Result "1/2-1/2"]
[Round "03"]
[TimeControl "180+1"]
[Date "2022.01.11"]
[WhiteClock "0:00:12"]
[BlackClock "0:00:26"]

1. d4 Nf6 2. Nf3 e6 3. c4 d5 4. g3 Be7 5. Bg2 O-O 6. Qc2 Nbd7 7. O-O c6 8. Rd1 b6 9. b3 Bb7 10. Nc3 Ba6 11. Nd2 Rc8 12. e4 c5 13. exd5 cxd4 14. Ne2 e5 15. Qf5 Re8 16. Ne4 Nxe4 17. Bxe4 g6 18. Qh3 f5 19. Bg2 Bf6 20. g4 f4 21. Rb1 b5 22. d6 bxc4 23. Bd5+ Kg7 24. bxc4 Nb6 25. Rxb6 axb6 26. g5 Bxg5 27. d7 Bxc4 28. dxc8=Q Qxc8 29. Qxc8 Rxc8 30. Bxc4 Rxc4 31. f3 Rc2 32. Rd2 Rxd2 33. Bxd2 Be7 34. Nc1 Kf6 35. Nd3 Kf5 36. Nf2 h5 37. Kf1 Bh4 38. Ne4 g5 39. h3 g4 40. hxg4+ hxg4 41. Kg2 d3 42. Nd6+ Ke6 43. Nc4 b5 44. Nb2 gxf3+ 45. Kxf3 Kf5 46. Bxf4 e4+ 47. Ke3 Bd8 48. Nxd3 Bb6+ 49. Kd2 Ba5+ 50. Ke3 exd3 51. Bh6 d2 52. Ke2 Ke4 53. Bxd2 Bxd2 54. Kxd2 Kd4 55. Kc2 Kc4 56. Kb2 b4 57. a3 bxa3+ 58. Kxa3 1/2-1/2


[Site "https://www.chess.com"]

[Event "Titled Tuesday Blitz January 11 2022"]
[White "Gaehwiler, Gabriel"]
[Black "Tari, Aryan"]
[WhiteFideId "1314530"]
[BlackFideId "1510045"]
[WhiteElo "2383"]
[BlackElo "2567"]
[Result "1-0"]
[Round "03"]
[TimeControl "180+1"]
[Date "2022.01.11"]
[WhiteClock "0:00:20"]
[BlackClock "0:00:04"]

1. Nf3 c5 2. e4 Nc6 3. d4 cxd4 4. Nxd4 Nf6 5. Nc3 d6 6. g3 g6 7. Bg2 Bd7 8. O-O Bg7 9. Nde2 O-O 10. b3 Rc8 11. Bb2 a6 12. a4 Ne5 13. h3 Bc6 14. f4 Nc4 15. bxc4 Qb6+ 16. Qd4 Qxb2 17. Rfb1 Qxc2 18. Ra2 Qxb1+ 19. Nxb1 Nxe4 20. Qe3 f5 21. Nbc3 e5 22. Nxe4 exf4 23. Nxf4 Rce8 24. Re2 Bxe4 25. Bxe4 Rxe4 26. Qf3 Rfe8 27. Rxe4 Rxe4 28. Qb3 Bd4+ 29. Kf1 Kg7 30. Qxb7+ Kh6 31. Qxa6 Bc5 32. Qb5 Re3 33. Ne2 Rf3+ 34. Ke1 Ra3 35. a5 Ra1+ 36. Kd2 Ra2+ 37. Kd1 Ra1+ 38. Kc2 Ra2+ 39. Kd3 Ra3+ 40. Nc3 Bf2 41. Kc2 Bd4 42. Ne2 Bc5 43. a6 Ra2+ 44. Kd3 Ra3+ 45. Nc3 Bf2 46. Kc2 Bd4 47. Nb1 Ra2+ 48. Kd3 Bc5 49. Nd2 Ra3+ 50. Ke2 Bf2 51. Kxf2 1-0


[Site "https://www.chess.com"]

[Event "Titled Tuesday Blitz January 11 2022"]
[White "Gurevich, Dmitry"]
[Black "Terry, Renato"]
[WhiteFideId "2000407"]
[BlackFideId "3803457"]
[WhiteElo "2506"]
[BlackElo "2577"]
[Result "1-0"]
[Round "03"]
[TimeControl "180+1"]
[Date "2022.01.11"]
[WhiteClock "0:00:04"]
[BlackClock "0:00:03"]

1. d4 e6 2. c4 Bb4+ 3. Nd2 Nf6 4. g3 O-O 5. Bg2 a5 6. Nf3 b6 7. Ne5 d5 8. cxd5 exd5 9. O-O Bb7 10. Qc2 Re8 11. e3 Bd6 12. Ndf3 c5 13. b3 cxd4 14. exd4 Na6 15. Bf4 Nb4 16. Qb2 Rc8 17. Rac1 h6 18. a3 Nc6 19. Nxc6 Rxc6 20. Rxc6 Bxc6 21. Rc1 Bb5 22. Ne5 Ne4 23. a4 Ba6 24. Qc2 Bb7 25. Nd3 Ba3 26. Ra1 Bd6 27. Rc1 Re7 28. Bxd6 Qxd6 29. Ne5 g6 30. Qd3 Kg7 31. h4 Qb4 32. Ng4 h5 33. Ne3 Nf6 34. Qc3 Qd6 35. Qd3 Qe6 36. Qb5 Qd6 37. Qd3 Qb4 38. Qc3 Qa3 39. Ra1 Qd6 40. Rc1 Ne8 41. Qd3 Nc7 42. Qc3 Ne6 43. Qd2 Rd7 44. Qd3 Qb4 45. Rd1 Rd8 46. Bh3 Nf8 47. Rc1 Qd6 48. Rc3 Re8 49. Qc2 Re7 50. Qd2 Nh7 51. Qd1 Nf6 52. Qc2 Ne4 53. Rd3 Nxg3 54. fxg3 Qxg3+ 55. Qg2 Qf4 56. Nf5+ Kf8 57. Nxe7 Qc1+ 58. Qf1 Qh6 59. Qf2 Kxe7 60. Qe3+ Qxe3+ 61. Rxe3+ Kd6 62. Rc3 Bc6 63. Bf1 Bd7 64. Bb5 Bf5 65. Kf2 Ke7 66. Ke3 f6 67. Kf4 Be4 68. Rc6 Bc2 69. Rxb6 Bxb3 70. Ra6 Bc2 71. Rxa5 Kd6 72. Ra6+ Ke7 73. Rc6 Be4 74. Rc5 Kd6 75. Rc6+ Ke7 76. a5 g5+ 77. hxg5 fxg5+ 78. Kxg5 Bd3 79. Bxd3 1-0


[Site "https://www.chess.com"]

[Event "Titled Tuesday Blitz January 11 2022"]
[White "Hasangatin, Ramil"]
[Black "Svane, Frederik"]
[WhiteFideId "4122160"]
[BlackFideId "12923044"]
[WhiteElo "2375"]
[BlackElo "2459"]
[Result "0-1"]
[Round "03"]
[TimeControl "180+1"]
[Date "2022.01.11"]
[WhiteClock "0:00:05"]
[BlackClock "0:00:08"]

1. e4 c5 2. Nf3 d6 3. d4 cxd4 4. Qxd4 Nf6 5. e5 Nc6 6. Bb5 Qa5+ 7. Nc3 Qxb5 8. Nxb5 Nxd4 9. Nfxd4 dxe5 10. Nc7+ Kd8 11. Nxa8 exd4 12. Bf4 Nd7 13. Bc7+ Ke8 14. Bg3 e5 15. Nc7+ Kd8 16. Nd5 b6 17. c4 Bb7 18. O-O-O Bd6 19. f4 f6 20. Rhe1 Bxd5 21. cxd5 Re8 22. Kb1 a5 23. Kc2 Nc5 24. fxe5 fxe5 25. Rf1 d3+ 26. Kd2 Re7 27. Rf8+ Kd7 28. Rdf1 e4 29. Ke3 Bxg3 30. hxg3 Na4 31. R1f7 Nxb2 32. Rxe7+ Kxe7 33. Rg8 Nc4+ 34. Kf2 e3+ 35. Ke1 d2+ 36. Ke2 Nb2 37. Rxg7+ Kf6 38. Rc7 d1=Q+ 39. Kxe3 Qd3+ 40. Kf4 Qd4+ 41. Kf3 Qxd5+ 42. Kg4 Qf5+ 43. Kh4 Qg5+ 0-1


[Site "https://www.chess.com"]

[Event "Titled Tuesday Blitz January 11 2022"]
[White "Howell, David W L"]
[Black "Jaracz, Pawel"]
[WhiteFideId "410608"]
[BlackFideId "1102222"]
[WhiteElo "3043"]
[BlackElo "2737"]
[Result "0-1"]
[Round "03"]
[TimeControl "180+1"]
[Date "2022.01.11"]
[WhiteClock "0:00:05"]
[BlackClock "0:00:04"]

1. d4 Nf6 2. c4 e6 3. Nc3 Bb4 4. Nf3 b6 5. e3 Ne4 6. Qc2 Bxc3+ 7. bxc3 Bb7 8. Bd3 f5 9. O-O O-O 10. Nd2 Qh4 11. f3 Nf6 12. c5 Nc6 13. cxb6 axb6 14. Bb2 Nd5 15. Rae1 f4 16. exf4 Nxf4 17. g3 Nh3+ 18. Kg2 Qh5 19. Bc1 Ne7 20. Be4 Bxe4 21. Nxe4 Nd5 22. a3 Rf7 23. c4 Ne7 24. Qd1 g5 25. d5 exd5 26. cxd5 Ng6 27. Qd4 Raf8 28. Re3 d6 29. Qd1 Ne5 30. Qe2 Rg7 31. Bb2 Nf4+ 32. gxf4 gxf4+ 33. Kh1 fxe3 34. Bxe5 dxe5 35. Qxe3 Qh3 36. Qe2 Rf4 37. Rf2 h6 38. d6 cxd6 39. Nxd6 Rd4 40. Ne4 Qf5 41. Rf1 Kh7 42. Ng3 Qg6 43. Re1 Rgd7 44. Qxe5 Rd1 45. Rxd1 Rxd1+ 46. Kg2 Rd2+ 47. Kh3 Rd7 48. f4 Rg7 49. f5 Qg4+ 50. Kg2 Rd7 51. Qe3 Rc7 52. Qd3 Qc4 53. Qd6 Qc6+ 54. Qxc6 Rxc6 55. Ne4 Rc4 56. Nf6+ Kg7 57. Nd5 Rc5 58. Nxb6 Rxf5 59. a4 Rc5 60. Kf3 Rc6 61. Nd5 Rc4 62. Nb6 Rb4 63. a5 Rb5 64. Nc4 Rc5 65. Ne3 Rxa5 66. Kg4 Kg6 67. h4 Ra4+ 68. Kg3 Kh5 69. Ng2 Ra3+ 70. Kf4 Ra2 71. Kg3 Ra3+ 72. Kf4 Rb3 73. Kf5 Rf3+ 74. Ke4 Rf2 75. Ne3 Kxh4 76. Nf5+ Kg5 77. Ne3 Rf4+ 78. Ke5 h5 0-1


[Site "https://www.chess.com"]

[Event "Titled Tuesday Blitz January 11 2022"]
[White "Izoria, Zviad"]
[Black "Kim, Yoon-Young"]
[WhiteFideId "13601733"]
[BlackFideId "30908779"]
[WhiteElo "2626"]
[BlackElo "2109"]
[Result "1-0"]
[Round "03"]
[TimeControl "180+1"]
[Date "2022.01.11"]
[WhiteClock "0:01:23"]
[BlackClock "0:00:02"]

1. Nf3 d5 2. e3 Nf6 3. c4 c6 4. Nc3 e6 5. b3 Bd6 6. Bb2 O-O 7. d4 Nbd7 8. Bd3 e5 9. cxd5 cxd5 10. dxe5 Nxe5 11. Be2 Nxf3+ 12. Bxf3 Be5 13. O-O Be6 14. Rc1 Qa5 15. a3 Rfd8 16. b4 Qa6 17. Be2 Qd6 18. f4 Bxc3 19. Bxc3 Ne4 20. Bb2 Qd7 21. Bd3 Rac8 22. Bd4 b6 23. Rxc8 Rxc8 24. h3 f6 25. g4 Nc3 26. Qf3 Ne4 27. Qg2 Bf7 28. h4 h6 29. g5 hxg5 30. fxg5 fxg5 31. Bxe4 dxe4 32. Qxg5 Be6 33. Rf6 Re8 34. h5 Qd5 35. Rf8+ Rxf8 36. Qxg7# 1-0


[Site "https://www.chess.com"]

[Event "Titled Tuesday Blitz January 11 2022"]
[White "Jobava, Baadur"]
[Black "Csonka, Balazs"]
[WhiteFideId "13601520"]
[BlackFideId "742910"]
[WhiteElo "2617"]
[BlackElo "2404"]
[Result "1-0"]
[Round "03"]
[TimeControl "180+1"]
[Date "2022.01.11"]
[WhiteClock "0:01:56"]
[BlackClock "0:00:01"]

1. e4 e5 2. Nf3 Nc6 3. Bc4 Nf6 4. d3 h6 5. a4 a5 6. Nc3 Bc5 7. Be3 b6 8. O-O O-O 9. Bb5 Bxe3 10. fxe3 Re8 11. Bc4 d6 12. Nh4 Be6 13. Nf5 Bxc4 14. dxc4 Re6 15. Nd5 Kh7 16. Qf3 Nb4 17. Rf2 Nfxd5 18. cxd5 Rg6 19. Raf1 Qd7 20. h4 Rf8 21. b3 Rf6 22. Qg4 g6 23. Nxh6 Qxg4 24. Nxg4 Rxf2 25. Rxf2 Kg7 26. Nf6 Rh8 27. g3 Nxc2 28. Rxc2 Kxf6 29. Rxc7 Rb8 30. Rd7 b5 31. Rxd6+ Ke7 32. Ra6 bxa4 33. bxa4 Rb4 34. Rxa5 Rxe4 35. Kf2 Rb4 36. Kf3 f5 37. Ra6 Kf7 38. a5 Kg7 39. Ra8 1-0


[Site "https://www.chess.com"]

[Event "Titled Tuesday Blitz January 11 2022"]
[White "Kobalia, Mikhail"]
[Black "Papp, Levente"]
[WhiteFideId "4119150"]
[BlackFideId "751243"]
[WhiteElo "2667"]
[BlackElo "2308"]
[Result "1/2-1/2"]
[Round "03"]
[TimeControl "180+1"]
[Date "2022.01.11"]
[WhiteClock "0:00:20"]
[BlackClock "0:00:23"]

1. e4 e6 2. d4 d5 3. Nc3 Bb4 4. e5 Ne7 5. a3 Bxc3+ 6. bxc3 b6 7. Qg4 Ng6 8. h4 h5 9. Qg3 Ba6 10. Bd3 Bxd3 11. cxd3 c5 12. Ne2 Nc6 13. Bg5 Qd7 14. O-O Kf8 15. dxc5 Ngxe5 16. cxb6 axb6 17. c4 f6 18. Be3 d4 19. Bf4 Kf7 20. Rfb1 Ra6 21. Rb5 Rha8 22. Bxe5 Nxe5 23. Nf4 Rxa3 24. Rxa3 Rxa3 25. Rxe5 fxe5 26. Qg6+ Kg8 27. Nh3 Qf7 28. Qe4 Qf5 29. Qc6 Rxd3 30. Qe8+ Qf8 31. Qxe6+ Qf7 32. Qc8+ Qf8 33. Qe6+ Qf7 34. Qxe5 Rxh3 35. gxh3 Qxc4 36. Qe8+ Kh7 37. Qxh5+ Kg8 38. Qe8+ Kh7 39. Qh5+ Kg8 40. Qe8+ Kh7 41. Qh5+ 1/2-1/2


[Site "https://www.chess.com"]

[Event "Titled Tuesday Blitz January 11 2022"]
[White "Kosteniuk, Alexandra"]
[Black "Yoo, Christopher Woojin"]
[WhiteFideId "4128125"]
[BlackFideId "30909694"]
[WhiteElo "2469"]
[BlackElo "2105"]
[Result "0-1"]
[Round "03"]
[TimeControl "180+1"]
[Date "2022.01.11"]
[WhiteClock "0:00:34"]
[BlackClock "0:00:02"]

1. e4 e5 2. Nf3 Nc6 3. Bb5 a6 4. Ba4 Nf6 5. d4 exd4 6. O-O Be7 7. e5 Ne4 8. Nxd4 O-O 9. Nf5 d5 10. Nxe7+ Nxe7 11. c3 Nc5 12. Bc2 Bf5 13. Na3 Ne6 14. Be3 c5 15. Re1 d4 16. cxd4 cxd4 17. Bd2 d3 18. Bb3 Nd4 19. Nc4 Nec6 20. Nd6 Be6 21. Qh5 Bxb3 22. axb3 Ne2+ 23. Kh1 g6 24. Qh6 Nxe5 25. Ne4 Ng4 26. Qh3 f5 27. f3 fxe4 28. Qxg4 exf3 29. Qc4+ Rf7 30. Rf1 Rc8 31. Qe6 Rc6 32. Qe4 Qd4 33. gxf3 Qxe4 34. fxe4 Rc2 35. Rfd1 Rxb2 36. e5 Re7 37. Ra5 Rxb3 38. Rd5 Kf7 39. Bg5 Rc7 40. R5xd3 Rxd3 41. Rxd3 Ke6 42. Bf6 Rc1+ 0-1


[Site "https://www.chess.com"]

[Event "Titled Tuesday Blitz January 11 2022"]
[White "Lenderman, Aleksandr"]
[Black "Nevednichy, Vladislav"]
[WhiteFideId "2021285"]
[BlackFideId "1205730"]
[WhiteElo "2651"]
[BlackElo "2370"]
[Result "1-0"]
[Round "03"]
[TimeControl "180+1"]
[Date "2022.01.11"]
[WhiteClock "0:01:31"]
[BlackClock "0:00:22"]

1. Nf3 g6 2. e4 Bg7 3. d4 d6 4. Bc4 c6 5. Bb3 a5 6. a4 e6 7. O-O d5 8. Re1 Nf6 9. e5 Nfd7 10. c3 h6 11. Bc2 c5 12. Na3 Nc6 13. Nb5 O-O 14. h4 cxd4 15. cxd4 Nb4 16. Bb1 f5 17. exf6 Rxf6 18. Bd2 Ra6 19. Ne5 Nf8 20. Qg4 Nc6 21. Qg3 Ne7 22. Ng4 Nf5 23. Nxf6+ Qxf6 24. Bxf5 Qxf5 25. Bf4 Bd7 26. Be5 Rc6 27. Bxg7 Kxg7 28. Rac1 Nh7 29. Qe5+ Qxe5 30. dxe5 g5 31. Nd4 Rxc1 32. Rxc1 Kg6 33. Rc7 Nf8 34. hxg5 hxg5 35. b3 b6 36. Rb7 Kf7 37. Rxb6 Ng6 38. Nc6 Bxc6 39. Rxc6 Nxe5 40. Rc5 Kf6 41. Rxa5 d4 42. Kf1 Nd3 43. Rb5 g4 44. a5 e5 45. a6 e4 46. a7 g3 47. a8=Q Nxf2 48. Qc6+ 1-0


[Site "https://www.chess.com"]

[Event "Titled Tuesday Blitz January 11 2022"]
[White "Maltsevskaya, Aleksandra"]
[Black "Gareyev, Timur"]
[WhiteFideId "24174041"]
[BlackFideId "14200937"]
[WhiteElo "2283"]
[BlackElo "2586"]
[Result "0-1"]
[Round "03"]
[TimeControl "180+1"]
[Date "2022.01.11"]
[WhiteClock "0:00:48"]
[BlackClock "0:01:37"]

1. e4 c5 2. Nf3 a6 3. c3 e6 4. d4 d5 5. exd5 exd5 6. Bd3 c4 7. Bc2 Bd6 8. O-O Ne7 9. h3 b5 10. a4 b4 11. cxb4 Nbc6 12. Nc3 Nxb4 13. Re1 Nxc2 14. Qxc2 O-O 15. Bg5 f6 16. Be3 Bf5 17. Qd2 Qc7 18. Rac1 Rab8 19. Nh4 Bd7 20. Qe2 Rfe8 21. Qf3 Qc6 22. Qh5 g6 23. Qf3 g5 24. Qxf6 Bh2+ 0-1


[Site "https://www.chess.com"]

[Event "Titled Tuesday Blitz January 11 2022"]
[White "Maximov, Dmitry"]
[Black "Blomqvist, Erik"]
[WhiteFideId "14105659"]
[BlackFideId "1709437"]
[WhiteElo "2494"]
[BlackElo "2423"]
[Result "1-0"]
[Round "03"]
[TimeControl "180+1"]
[Date "2022.01.11"]
[WhiteClock "0:01:08"]
[BlackClock "0:00:24"]

1. e4 c5 2. Nf3 e6 3. c3 Nf6 4. Bd3 d5 5. e5 Nfd7 6. Bc2 Nc6 7. d4 Qb6 8. O-O Be7 9. a3 f6 10. exf6 Bxf6 11. Re1 O-O 12. Rxe6 cxd4 13. cxd4 Qd8 14. Nc3 Nb6 15. Re1 Bg4 16. Qd3 g6 17. Bh6 Rf7 18. Ne5 Nxe5 19. dxe5 Be7 20. Qg3 Bf5 21. e6 Rf6 22. Bb3 Rxe6 23. Rxe6 Bxe6 24. Qe5 Kf7 25. Re1 Qd6 26. Qg7+ Ke8 27. Nb5 1-0


[Site "https://www.chess.com"]

[Event "Titled Tuesday Blitz January 11 2022"]
[White "Murzin, Volodar"]
[Black "Svane, Rasmus"]
[WhiteFideId "44155573"]
[BlackFideId "4657101"]
[WhiteElo "2585"]
[BlackElo "2645"]
[Result "0-1"]
[Round "03"]
[TimeControl "180+1"]
[Date "2022.01.11"]
[WhiteClock "0:00:05"]
[BlackClock "0:00:13"]

1. e4 c6 2. Nf3 d5 3. exd5 cxd5 4. Ne5 a6 5. d4 Nc6 6. c4 e6 7. Nxc6 bxc6 8. Nc3 Bd6 9. Bd3 Nf6 10. O-O O-O 11. Bg5 a5 12. Rc1 Ba6 13. cxd5 Bxd3 14. Qxd3 cxd5 15. Bh4 Qb8 16. h3 Qxb2 17. Nb5 Bf4 18. Rc2 Qb4 19. a3 Qa4 20. Bxf6 gxf6 21. Rb1 Rfc8 22. Rc5 Rxc5 23. dxc5 Rc8 24. g3 Bb8 25. Nd6 Bxd6 26. cxd6 Rd8 27. Rb6 Qc4 28. Qxc4 dxc4 29. Rc6 c3 30. Rxc3 Rxd6 31. Rc5 Rd5 32. a4 Rxc5 0-1


[Site "https://www.chess.com"]

[Event "Titled Tuesday Blitz January 11 2022"]
[White "Nesterov, Arseniy"]
[Black "Vysochin, Spartak"]
[WhiteFideId "24198455"]
[BlackFideId "14103516"]
[WhiteElo "2489"]
[BlackElo "2401"]
[Result "1/2-1/2"]
[Round "03"]
[TimeControl "180+1"]
[Date "2022.01.11"]
[WhiteClock "0:00:04"]
[BlackClock "0:00:07"]

1. d4 d5 2. c4 c6 3. Nc3 Nf6 4. e3 a6 5. Qc2 g6 6. Bd3 Bg7 7. Nf3 O-O 8. Ne5 Nbd7 9. f4 e6 10. c5 Nxe5 11. fxe5 Nd7 12. Bd2 b6 13. cxb6 c5 14. O-O cxd4 15. exd4 Qxb6 16. Be3 Nxe5 17. Na4 Qa7 18. Be2 Bd7 19. Nc5 Nc4 20. Bxc4 dxc4 21. Nxd7 Qxd7 22. Qxc4 Rfc8 23. Qd3 Qb5 24. Qxb5 axb5 25. Rac1 Rxc1 26. Rxc1 h6 27. a3 Ra4 28. Rc5 Bxd4 29. Bxd4 Rxd4 30. Rxb5 Kg7 31. b4 Rd1+ 32. Kf2 Ra1 33. Ra5 f5 34. a4 Kf6 35. b5 Rb1 36. Ra6 f4 37. b6 e5 38. a5 Kf5 39. Ra7 e4 40. Re7 e3+ 41. Kf3 g5 42. b7 g4+ 43. Ke2 Kf6 44. Rc7 Rb2+ 45. Kd3 e2 46. Rc1 Rxb7 47. Kxe2 Rb2+ 48. Kd3 Rxg2 49. Ra1 Rb2 50. a6 Rb8 51. a7 Ra8 52. Ke4 f3 53. Kf4 h5 54. Kg3 Kg5 55. Ra5+ Kg6 56. Ra6+ Kf5 57. Ra5+ Ke4 58. Ra1 Ke3 59. Re1+ Kd2 60. Re7 Rf8 61. Rd7+ Ke3 62. Re7+ Kd4 63. Rd7+ Kc5 64. Rf7 Ra8 65. Rh7 h4+ 66. Rxh4 Rxa7 67. Rxg4 Rf7 68. Kf2 Kd5 69. h4 Ke5 70. h5 Kf5 71. Kxf3 Rh7 72. Rf4+ Kg5 73. Ra4 Kxh5 74. Kg3 Kg6 75. Kg4 Rf7 76. Ra6+ Rf6 77. Rxf6+ Kxf6 1/2-1/2


[Site "https://www.chess.com"]

[Event "Titled Tuesday Blitz January 11 2022"]
[White "Onyshchuk, Volodymyr"]
[Black "Yaksin, Oleg"]
[WhiteFideId "14114038"]
[BlackFideId "24105880"]
[WhiteElo "2642"]
[BlackElo "2256"]
[Result "0-1"]
[Round "03"]
[TimeControl "180+1"]
[Date "2022.01.11"]
[WhiteClock "0:00:53"]
[BlackClock "0:00:31"]

1. g3 Nf6 2. Bg2 d5 3. d3 Bf5 4. Nd2 e6 5. b3 Nbd7 6. Bb2 Be7 7. e3 O-O 8. Ne2 c5 9. h3 h6 10. g4 Bh7 11. f4 Rc8 12. Ng3 b5 13. g5 hxg5 14. fxg5 Ne8 15. h4 Bd6 16. Qg4 Qc7 17. Nh5 Be5 18. Bxe5 Qxe5 19. Ke2 Nd6 20. Nf3 Qc3 21. Rac1 Nf5 22. Nf4 c4 23. bxc4 bxc4 24. Rcd1 Qxc2+ 25. Rd2 cxd3+ 26. Kf2 Qc5 27. Re1 d4 28. exd4 Nxd4 29. Kf1 Nxf3 30. Qxf3 Ne5 31. Qg3 Nc4 32. Rf2 d2 33. Rd1 Ne3+ 0-1


[Site "https://www.chess.com"]

[Event "Titled Tuesday Blitz January 11 2022"]
[White "Ozer, Omer Faruk"]
[Black "Kamsky, Gata"]
[WhiteFideId "6354564"]
[BlackFideId "2000024"]
[WhiteElo "2050"]
[BlackElo "2645"]
[Result "0-1"]
[Round "03"]
[TimeControl "180+1"]
[Date "2022.01.11"]
[WhiteClock "0:00:02"]
[BlackClock "0:00:14"]

1. e4 e5 2. Nc3 Nc6 3. g3 Bc5 4. Bg2 d6 5. d3 a6 6. Be3 Bxe3 7. fxe3 h5 8. Nf3 Nge7 9. Qd2 Bg4 10. O-O-O Ng6 11. Rdf1 Nce7 12. h3 Bd7 13. d4 f6 14. h4 c6 15. Qf2 Qc7 16. Nd2 b5 17. Bh3 Bxh3 18. Rxh3 Qd7 19. Rh2 Ng8 20. Rd1 Nh6 21. Qe2 Ng4 22. Rhh1 Ne7 23. Nb3 Qc7 24. Kb1 O-O 25. Qf3 a5 26. Ne2 a4 27. Nbc1 b4 28. Nd3 c5 29. Nf2 Nxf2 30. Qxf2 cxd4 31. exd4 Rfc8 32. Rc1 Nc6 33. g4 a3 34. b3 Nxd4 35. c4 bxc3 36. Nxc3 hxg4 37. Nd5 Qb7 38. h5 f5 39. h6 gxh6 40. Nf6+ Kg7 41. Nh5+ Kg6 42. exf5+ Nxf5 43. Ng3 Qf3 44. Qxf3 gxf3 45. Rcg1 f2 46. Rg2 Nxg3 47. Rxg3+ Kh7 48. Rgh3 Rg8 49. Rxh6+ Kg7 50. R6h2 Raf8 51. Rf1 Kf7 52. Rhxf2+ Ke7 53. Kc2 Rxf2+ 54. Rxf2 d5 55. b4 Rg3 56. Re2 Kd6 0-1


[Site "https://www.chess.com"]

[Event "Titled Tuesday Blitz January 11 2022"]
[White "Pakleza, Zbigniew"]
[Black "Cunha, Lucas Aguiar"]
[WhiteFideId "1119290"]
[BlackFideId "2125404"]
[WhiteElo "2467"]
[BlackElo "2361"]
[Result "1-0"]
[Round "03"]
[TimeControl "180+1"]
[Date "2022.01.11"]
[WhiteClock "0:00:15"]
[BlackClock "0:00:12"]

1. d4 Nf6 2. Nf3 c5 3. c3 d5 4. Bf4 Nc6 5. Nbd2 Qb6 6. Qb3 c4 7. Qc2 Bf5 8. Qxf5 Qxb2 9. Qb1 Qxc3 10. Qc1 Qa5 11. e3 e6 12. a3 Ne4 13. Be2 Nc3 14. Bd1 Nb5 15. O-O Bxa3 16. Qc2 Qb6 17. Rb1 Be7 18. Be2 O-O 19. Ne5 Nxe5 20. Bxe5 Qa5 21. Ra1 Qc3 22. Qa2 Qa3 23. Qb1 Qb4 24. Qc1 Nc3 25. Bf3 a5 26. h3 a4 27. e4 a3 28. Re1 Rfe8 29. exd5 exd5 30. Re3 Nb5 31. Bxd5 c3 32. Ne4 Rec8 33. Rf3 Qb2 34. Rxf7 Bf8 35. Rxg7+ Kh8 36. Rg8# 1-0


[Site "https://www.chess.com"]

[Event "Titled Tuesday Blitz January 11 2022"]
[White "Piesik, Piotr"]
[Black "Kravtsiv, Martyn"]
[WhiteFideId "1136194"]
[BlackFideId "14113147"]
[WhiteElo "2232"]
[BlackElo "2694"]
[Result "0-1"]
[Round "03"]
[TimeControl "180+1"]
[Date "2022.01.11"]
[WhiteClock "0:01:44"]
[BlackClock "0:00:42"]

1. Nf3 d5 2. g3 Nf6 3. Bg2 c5 4. O-O Nc6 5. d3 e5 6. Nbd2 Bd6 7. e4 d4 8. Nc4 Bc7 9. a4 O-O 10. Ne1 Be6 11. f4 exf4 12. gxf4 Re8 13. e5 Bg4 14. Nf3 Nd5 15. Qe1 Ncb4 16. Qf2 Qd7 17. Ng5 Bf5 18. Ne4 b6 19. Ned6 Bxd6 20. Nxd6 Bh3 21. Nxe8 Rxe8 22. Re1 Qg4 23. Re2 Nxc2 24. Qf3 Nxa1 0-1


[Site "https://www.chess.com"]

[Event "Titled Tuesday Blitz January 11 2022"]
[White "Piorun, Kacper"]
[Black "Nazari, Arad"]
[WhiteFideId "1130420"]
[BlackFideId "12577324"]
[WhiteElo "2571"]
[BlackElo "2120"]
[Result "1-0"]
[Round "03"]
[TimeControl "180+1"]
[Date "2022.01.11"]
[WhiteClock "0:00:02"]
[BlackClock "0:00:04"]

1. e4 c5 2. Nc3 Nc6 3. g3 g6 4. Bg2 Bg7 5. d3 e6 6. f4 Nge7 7. Nh3 O-O 8. O-O d5 9. e5 Rb8 10. Ne2 b5 11. c3 b4 12. Be3 bxc3 13. bxc3 Qa5 14. g4 Rd8 15. d4 cxd4 16. cxd4 Ba6 17. Rf2 Qa3 18. Qc1 Qxc1+ 19. Nxc1 Na5 20. f5 gxf5 21. Bg5 Nac6 22. gxf5 Nxf5 23. Bxd8 Rxd8 24. Nb3 Bc4 25. Nd2 Ncxd4 26. Nxc4 dxc4 27. Rc1 Bh6 28. Rxc4 Be3 29. Kh1 Bxf2 30. Nxf2 Rb8 31. Be4 Rb2 32. Ng4 Rxa2 33. Rc8+ Kg7 34. Nf6 Ne3 35. Rg8+ Kh6 36. h4 Ndf5 37. Rg5 Ra1+ 38. Kh2 Nf1+ 39. Kh3 Ra3+ 40. Kg4 N1e3+ 41. Kf4 Ng7 42. Ng8# 1-0


[Site "https://www.chess.com"]

[Event "Titled Tuesday Blitz January 11 2022"]
[White "Quispe Arteaga, Gabriel"]
[Black "Hakobyan, Aram"]
[WhiteFideId "32059809"]
[BlackFideId "13306677"]
[WhiteElo "2229"]
[BlackElo "2557"]
[Result "1-0"]
[Round "03"]
[TimeControl "180+1"]
[Date "2022.01.11"]
[WhiteClock "0:00:36"]
[BlackClock "0:00:07"]

1. c4 e5 2. Nc3 Nf6 3. Nf3 Nc6 4. e3 Bb4 5. Qc2 Bxc3 6. Qxc3 Qe7 7. d4 Ne4 8. Qd3 exd4 9. Nxd4 Nc5 10. Qd1 Nxd4 11. Qxd4 O-O 12. b3 b6 13. Bb2 f5 14. Be2 Bb7 15. Bf3 Be4 16. Rd1 d6 17. Qc3 a5 18. O-O Rf6 19. Qd2 Rf7 20. Bh5 Rff8 21. Be2 Bb7 22. Rfe1 Qh4 23. f3 Rae8 24. Bf1 Qg5 25. Qf2 Re6 26. Rd4 Rfe8 27. h3 Rh6 28. Kh2 Rhe6 29. Bd3 Nxd3 30. Rxd3 h6 31. Qg3 Qxg3+ 32. Kxg3 Kh7 33. Kf2 Kg6 34. a3 Ba6 35. Rd4 Re5 36. g4 Rc5 37. Rc1 Kf7 38. b4 axb4 39. axb4 Rce5 40. Re1 fxg4 41. hxg4 R5e7 42. e4 Bb7 43. c5 dxc5 44. bxc5 b5 45. c6 Bxc6 46. Rc1 Re6 47. Rc5 Rb8 48. Bc3 Rb7 49. Bb4 Be8 50. Rd8 Kg8 51. Rf5 c5 52. Bxc5 Rf7 53. Bb4 Kh7 54. Rxe8 Rxe8 55. Rxf7 Rc8 56. Rb7 Rc4 57. Rxb5 Rc2+ 58. Kg3 Rb2 59. Rb6 Kg8 60. Bc5 Rc2 61. Bd4 Rd2 62. Be5 Rd7 63. Rc6 Re7 64. f4 Kh7 65. Rc7 Rxc7 66. Bxc7 1-0


[Site "https://www.chess.com"]